 Dungeon Crawl Stone Soup version 0.17.1-2-g5865329 (webtiles) character file.

2919 kaze the Nimble (level 9, -5/89 HPs)
             Began as a Troll Berserker on Jan 27, 2016.
             Was an Elder of Trog.
             Slain by Snorg (25 damage)
             ... on level 11 of the Dungeon.
             The game lasted 00:31:35 (5446 turns).

kaze the Nimble (Troll Berserker)                   Turns: 5446, Time: 00:31:35

Health: -5/89      AC:  9    Str: 30    XL:     9   Next: 50%
Magic:  8/8        EV: 12    Int:  3    God:    Trog [****..]
Gold:   434        SH:  0    Dex:  9    Spells: 0 memorised, 8 levels left

rFire  . . .     SeeInvis .     y - +0 war axe
rCold  . . .     Clarity  .     a - +0 animal skin
rNeg   . . .     SustAt   .     (no shield)
rPois  .         Gourm    +     (helmet restricted)
rElec  .         Spirit   .     c - +0 cloak
rCorr  .         Warding  .     (gloves unavailable)
rMut   .         Stasis   .     (boots unavailable)
MR     ++...                    (no amulet)
Stlth  +.........               (no ring)
                                F - +3 ring of protection

@: exhausted, regenerating, slowed, very slow, very resistant to hostile
enchantments, very unstealthy
A: unfitting armour, claws 3, fast metabolism 3, gourmand, regeneration 2,
shaggy fur 1, tough skin 2
a: Berserk, Trog's Hand, Brothers in Arms, Burn Spellbooks, Renounce Religion


You were on level 11 of the Dungeon.
You worshipped Trog.
Trog was greatly pleased with you.
You were not hungry.

You visited 1 branch of the dungeon, and saw 9 of its levels.
You also visited: Bailey.

You collected 434 gold pieces.

Inventory:

Hand Weapons
 t - a +2 flail of draining
 y - a +0 war axe (weapon)
 C - a +0 morningstar
Armour
 a - a +0 animal skin (worn)
 c - a +0 cloak (worn)
Jewellery
 x - an uncursed ring of fire
 F - a +3 ring of protection (left claw)
Scrolls
 g - a scroll of acquirement {unknown}
 h - a scroll of remove curse
 i - a scroll of magic mapping {unknown}
 j - a scroll of fear {unknown}
 l - a scroll of enchant weapon {unknown}
 n - 7 scrolls of identify {unknown}
 p - 2 scrolls of amnesia {unknown}
 u - 2 scrolls of recharging {unknown}
 w - 3 scrolls of teleportation {unknown}
Potions
 e - a potion of heal wounds {unknown}
 f - a potion of flight {unknown}
 k - 5 potions of curing {unknown}
 o - a potion of lignification {unknown}
 q - a potion of ambrosia {unknown}
 s - 2 potions of might {unknown}
 v - a potion of agility {unknown}
 z - a potion of resistance {unknown}
 D - 2 potions of poison {unknown}
 G - a potion of brilliance {unknown}
Comestibles
 b - 5 bread rations
 d - 3 meat rations
 m - 3 slices of pizza


   Skills:
 + Level 6.1 Fighting
 + Level 4.1 Axes
 + Level 8.0 Dodging
 + Level 5.4 Unarmed Combat


You had 8 spell levels left.
You didn't know any spells.

Dungeon Overview and Level Annotations

Branches:
Dungeon (11/15)            Temple (0/1) D:4
   Lair: D:8-11         Orc: D:9-12

Altars:
Ashenzari
Dithmenos
Fedhas
Gozag
Kikubaaqudgha
Xom

Shops:
D:6 (%[

Annotations:
D:8 Grum, Prince Ribbit
D:11 Snorg


Innate Abilities, Weirdness & Mutations

You are too large for most types of armour.
You have claws for hands.
Your metabolism is lightning-fast.
You like to eat raw meat.
You heal very quickly.
You are covered in fur (AC +1).
You have very tough skin (AC +2).


Message History

Snorg claws you!
* * * LOW HITPOINT WARNING * * *
You completely miss Snorg.
Snorg is severely wounded.
Snorg barely misses you. Snorg claws you.
* * * LOW HITPOINT WARNING * * *
Snorg closely misses you.
You closely miss Snorg.
Snorg is heavily wounded.
Snorg barely misses you. Snorg claws you but does no damage.
Snorg completely misses you.
You slice Snorg!!
Snorg is almost dead.
Snorg goes berserk!
You slash Snorg!
Snorg is almost dead.
You are no longer berserk.
You are exhausted.
You feel yourself slow down. Snorg bites you!!
You die...

...#.............#
...#.............#
..#######..###.### .
####...##..###.###..
#.........#.....
#.........#....
##...##..##..########
######..##..##.....#
#...'....@T....#
#...#...........#
#...#...........#
##..##.........##
##########....#
.....# .....# .....#


You could see Snorg (berserk).

Vanquished Creatures
  A two-headed ogre (D:11)
  2 wraiths (D:11)
  An orc warrior (D:5)
  A sky beast (D:6)
  3 phantoms
  2 ice beasts (D:7)
  4 ogres
  A big kobold (D:7)
  3 centaurs
  A giant frog (D:7)
  2 scorpions
  A crimson imp (D:6)
  A hound (D:7)
  An iguana (D:7)
  3 jellies
  Ijyb (D:2)
  An orc priest (D:4)
  2 giant frog skeletons
  Terence (D:2)
  9 orc wizards
  7 worker ants
  A hound skeleton (D:7)
  8 adders
  4 oozes
  2 worms
  2 giant geckos
  22 orcs
  2 ball pythons
  9 bats
  6 giant cockroaches
  11 goblins
  5 hobgoblins
  12 jackals
  12 kobolds
  A quokka (D:4)
  3 giant newts
  3 rats
151 creatures vanquished.

Vanquished Creatures (others)
  3 fungi (D:11)
3 creatures vanquished.

Grand Total: 154 creatures vanquished

Notes
Turn   | Place    | Note
--------------------------------------------------------------
     0 | D:1      | kaze the Troll Berserker began the quest for the Orb.
     0 | D:1      | Reached XP level 1. HP: 22/22 MP: 0/0
   158 | D:1      | Reached XP level 2. HP: 29/29 MP: 1/1
   609 | D:1      | Reached ** piety under Trog
   611 | D:1      | Reached XP level 3. HP: 36/36 MP: 2/2
   714 | D:2      | Noticed Ijyb
   733 | D:2      | Killed Ijyb
   733 | D:2      | Reached XP level 4. HP: 40/44 MP: 3/3
   778 | D:2      | Found an opulent altar of Gozag.
   845 | D:2      | Found a blossoming altar of Fedhas.
  1037 | D:2      | Noticed Terence
  1049 | D:2      | Killed Terence
  1314 | D:3      | Reached XP level 5. HP: 51/53 MP: 4/4
  1630 | D:3      | Reached skill level 4 in Unarmed Combat
  1831 | D:4      | Reached XP level 6. HP: 34/61 MP: 5/5
  1877 | D:4      | Noticed a phantom
  1890 | D:4      | Reached *** piety under Trog
  1923 | D:4      | Killed a phantom
  2058 | D:4      | Found a staircase to the Ecumenical Temple.
  2182 | D:4      | Noticed a centaur
  2199 | D:4      | Killed a centaur
  2233 | D:4      | Reached skill level 5 in Unarmed Combat
  2274 | D:4      | Reached XP level 7. HP: 47/68 MP: 6/6
  2323 | D:4      | Found an ancient bone altar of Kikubaaqudgha.
  2429 | D:5      | Entered Level 5 of the Dungeon
  2655 | D:5      | Reached skill level 5 in Dodging
  3187 | D:5      | Reached skill level 1 in Axes
  3238 | D:5      | Reached XP level 8. HP: 75/79 MP: 7/7
  3531 | D:6      | Found a shadowy altar of Dithmenos.
  3542 | D:6      | Found Ixuonnei's Weapon Shop.
  3604 | D:6      | Found Enoegoot's Armour Boutique.
  3619 | D:6      | Reached skill level 6 in Dodging
  3805 | D:6      | Reached skill level 5 in Fighting
  3919 | D:6      | Reached **** piety under Trog
  4205 | D:6      | Found a shimmering altar of Xom.
  4205 | D:6      | Found a shattered altar of Ashenzari.
  4245 | D:6      | Found Qipoitik's Food Shop.
  4413 | D:7      | Found a flagged portal.
  4429 | D:7      | Reached skill level 7 in Dodging
  4443 | Bailey   | Entered a bailey
  4456 | Bailey   | Noticed an orc knight
  4610 | D:7      | Reached XP level 9. HP: 88/88 MP: 8/8
  5057 | D:8      | Noticed Prince Ribbit
  5064 | D:8      | Noticed Grum
  5084 | D:8      | You fall through a shaft for 3 floors!
  5383 | D:11     | Reached skill level 8 in Dodging
  5429 | D:11     | Noticed Snorg
  5446 | D:11     | Slain by Snorg

Action                   |  1- 3 |  4- 6 |  7- 9 || total
-------------------------+-------+-------+-------++-------
Melee: Unarmed           |    78 |   147 |       ||   225
       Hand axe          |       |    26 |    73 ||    99
       Flail             |       |       |    14 ||    14
       War axe           |       |       |   235 ||   235
Invok: Trog's Hand       |       |     2 |     4 ||     6
       Berserk           |       |     1 |    11 ||    12
  Use: Scroll            |       |       |     3 ||     3
  Eat: Chunk             |     5 |    23 |    23 ||    51
       Fruit             |       |       |    11 ||    11
       Bread ration      |       |       |     1 ||     1
       Royal jelly       |       |       |     1 ||     1
